 Dungeon Crawl Stone Soup version 0.31-a0-237-g2d982f9f85 (webtiles) character file.

Game seed: 13381752813099685712

109 qw the Shooter (level 4, -1/26 HPs)
             Began as a Gargoyle Hexslinger on July 10, 2023.
             Slain by an orc
             ... wielding a +0 club
              (3 damage)
             ... on level 3 of the Dungeon.
             The game lasted 00:00:42 (1896 turns).

qw the Shooter (Gargoyle Hexslinger)                Turns: 1896, Time: 00:00:43

Health: -1/26      AC: 11    Str: 11    XL:     4   Next: 89%
Magic:  5/5        EV: 10    Int: 14    God:
Gold:   39         SH:  0    Dex: 14    Spells: 4/5 levels left

rFire   . . .        Y - +1 sling
rCold   . . .        (no shield)
rNeg    + . .        o - +0 ring mail
rPois   inf          (no helmet)
rElec   +            (no cloak)
rCorr   .            n - +1 pair of gloves
SInv    +            i - +0 pair of boots
Will    .....        (no amulet)
Stlth   +            l - ring of see invisible
HPRegen 0.24/turn    (no ring)
MPRegen 0.09/turn

%: no passive effects
@: no status effects
A: sickness immunity, AC +3, negative energy resistance 1, electricity
resistance, torment resistance 1, petrification resistance
a: no special abilities


You were on level 3 of the Dungeon.
You visited 1 branch of the dungeon, and saw 3 of its levels.

You collected 39 gold pieces.


Innate Abilities, Weirdness & Mutations

You are immune to sickness and miasma.
Your stone body is resilient. (AC +3)
You are immune to poison.
You resist negative energy. (rN+)
You are resistant to electric shocks. (rElec)
You are resistant to unholy torment.
You are immune to petrification.


   Skills:
 - Level 2.0 Fighting
 + Level 4.4 Ranged Weapons
 - Level 1.1 Armour
 - Level 1.5 Dodging
 - Level 1.0 Spellcasting
 - Level 2.6 Hexes


You had 4 spell levels left.
You knew the following spells:

 Your Spells              Type           Power      Damage    Failure   Level
a - Slow                  Hex            32%        N/A       21%         1

Your spell library contained the following spells:

 Spells                   Type           Power      Damage    Failure   Level
 Inner Flame              Hex/Fire       4%         N/A       71%         3
 Portal Projectile        Hex/Tloc       8%         N/A       71%         3
 Cause Fear               Hex            4%         N/A       90%         4

Inventory:

Hand Weapons
 Y - a +1 sling (weapon)
Armour
 i - a +0 pair of boots (worn)
 n - a +1 pair of gloves (worn)
 o - a +0 ring mail (worn)
Jewellery
 l - a ring of see invisible (left hand)
Scrolls
 a - a scroll of amnesia {unknown}
Potions
 b - a potion of cancellation {unknown}
 d - a potion of ambrosia {unknown}
 e - 3 potions of haste
 f - a potion of heal wounds {unknown}
 g - 2 potions of mutation {unknown}
 h - a potion of magic {unknown}
 k - a potion of might
 m - a potion of curing {unknown}

Dungeon Overview and Level Annotations

Branches:
Dungeon (3/15)

Altars:

Annotations:
D:2 1 runed translucent door, Crazy Yiuf


Message History

You hear a shout!
The orc barely misses you.
An orc comes into view. It is wielding a +0 hand axe.
You shoot a sling bullet. The sling bullet barely misses the orc.
The orc hits you but does no damage.
An orc comes into view. It is wielding a +0 club.
You shoot a sling bullet. The sling bullet hits the orc.
The orc is severely wounded.
The orc hits you but does no damage.
You shoot a sling bullet. The sling bullet hits the orc!
You kill the orc!
The orc barely misses you. x2
You shoot a sling bullet.
The sling bullet closely misses the orc.
The orc barely misses you. The orc hits you with a +0 club.
You shoot a sling bullet.
The sling bullet hits the orc but does no damage.
The orc hits you but does no damage. The orc closely misses you.
You shoot a sling bullet.
The sling bullet hits the orc but does no damage.
The orc hits you with a +0 hand axe. The orc hits you but does no damage.
The orc hits you with a +0 hand axe. The orc hits you but does no damage.
You shoot a sling bullet. The sling bullet barely misses the orc.
The orc misses you. The orc barely misses you.
You shoot a sling bullet.
The sling bullet hits the orc but does no damage.
The orc hits you with a +0 hand axe. The orc hits you with a +0 club.
You shoot a sling bullet.
The sling bullet closely misses the orc.
The orc hits you with a +0 hand axe. The orc closely misses you.
The orc barely misses you. x2
You shoot a sling bullet. The sling bullet barely misses the orc.
The orc closely misses you. x2
You shoot a sling bullet.
The sling bullet hits the orc but does no damage.
The orc hits you with a +0 hand axe. The orc hits you but does no damage.
You shoot a sling bullet. The sling bullet hits the orc.
The orc is lightly wounded.
The orc hits you with a +0 hand axe. The orc hits you with a +0 club.
You die...

#... .......
.#...
.......
#.....
8...8..
.#....
..8....
#......
.......
.....#
.......
..#.#o......
#.#@# #%#o#
#.##.# #.#
#)# #.# #.#
#.# #.# ##.#
#.# #.## #.
#.# ##+##


You could see 2 orcs.

Vanquished Creatures
  Terence (D:2)
  4 adders
  2 orcs (D:3)
  7 bats
  3 endoplasms (D:1)
  3 giant cockroaches
  4 goblins
  3 hobgoblins
  2 jackals (D:1)
  A quokka (D:1)
  7 ball pythons
  3 frilled lizards
  3 kobolds
  11 rats
54 creatures vanquished.

Notes
Turn   | Place    | Note
-------+----------+-------------------------------------------
     0 | D:1      | qw the Gargoyle Hexslinger began the quest for the Orb.
     0 | D:1      | Reached XP level 1. HP: 12/12 MP: 2/2
     0 | D:1      | 0 ||| qw: Version: 0.3-a-52-g30416fa
     0 | D:1      | 0 ||| qw: Game counter: 5138
     0 | D:1      | 0 ||| qw: Melee chars always use a shield: true
     0 | D:1      | 0 ||| qw: God list: Okawaru
     0 | D:1      | 0 ||| qw: Allow faded altars: false
     0 | D:1      | 0 ||| qw: Do Orc after clearing Dungeon:15 true
     0 | D:1      | 0 ||| qw: Do second Lair branch before Depths: true
     0 | D:1      | 0 ||| qw: Lair rune preference: random
     0 | D:1      | 0 ||| qw: Goals: Normal
     0 | D:1      | 0 ||| PLANNING D:1-11
   182 | D:1      | Reached XP level 2. HP: 16/16 MP: 3/3
   398 | D:1      | Reached skill level 3 in Ranged Weapons
   880 | D:1      | 880 ||| UPGRADING to +0 pair of boots.
   885 | D:1      | 885 ||| UPGRADING to +1 pair of gloves.
   890 | D:1      | 890 ||| READING scroll labelled UGYES NIANO.
   891 | D:1      | 891 ||| READING scroll labelled FUF LOJUIRIGAA.
   992 | D:1      | 992 ||| READING scroll labelled JESAYCIGEISCH.
   993 | D:1      | 993 ||| DRINKING 2 puce potions.
   994 | D:1      | 994 ||| DRINKING 2 bubbling coppery potions.
   995 | D:1      | 995 ||| DROPPING scroll of poison.
  1018 | D:2      | Reached XP level 3. HP: 21/21 MP: 4/4
  1092 | D:2      | Noticed Terence
  1097 | D:2      | Killed Terence
  1171 | D:2      | Reached XP level 4. HP: 26/26 MP: 5/5
  1207 | D:2      | Reached skill level 4 in Ranged Weapons
  1386 | D:2      | Found a faded altar of an unknown god.
  1447 | D:2      | Found a runed translucent door.
  1448 | D:2      | Noticed Crazy Yiuf
  1657 | D:2      | 1657 ||| UPGRADING to +0 ring mail.
  1667 | D:2      | 1667 ||| DROPPING +0 robe.
  1668 | D:2      | 1668 ||| UPGRADING to ring of see invisible.
  1669 | D:2      | 1669 ||| READING scroll labelled PIPONO LILIBRE.
  1670 | D:2      | 1670 ||| READING scroll labelled OWKUMERRUO.
  1877 | D:3      | Reached skill level 1 in Armour
  1895 | D:3      | HP: 4/26 [orc/+0 hand axe (5)]
  1896 | D:3      | Slain by an orc

Levels and vault maps discovered:
D:1:      dpeg_arrival_chambers_temple_mockup, layout_basic
D:2:      layout_rooms, shapermc_ecumenical_altar_mp_ritualfount, uniq_terence,
          uniq_crazy_yiuf_cottage
D:3:      wad_pebble_path, layout_loops_corners, mainiacjoe_overflow_boulevard,
          zin_academy

Skill      XL: |  1  2  3  4 |
---------------+-------------+-----
Ranged Weapons | 3 4 |  4.4
Fighting       | 2 |  2.0
Armour         | 1 |  1.1
Dodging        | |  1.5
Spellcasting   | |  1.0
Hexes          | |  2.6

Action                     |  1- 3 |  4- 6 || total
---------------------------+-------+-------++-------
   Fire: Sling             |    86 |    77 ||   163
    Use: Scroll            |     3 |     2 ||     5
         Potion            |     2 |       ||     2
 Armour: Robe              |     9 |     9 ||    18
         Ring mail         |       |    17 ||    17
  Dodge: Dodged            |    16 |    29 ||    45

Table legend:
 A = Non-vault XP
 B = Vault XP
 C = Vault XP percentage of total XP
 D = Non-vault monster count
 E = Vault monster count
 F = Vault count percentage of total count
                 A         B        C        D         E       F
            +---------+---------+-------+---------+---------+-------
      Total |     124 |      32 |  20.5 |      53 |       1 |   1.9
            +---------+---------+-------+---------+---------+-------
        D:1 |      32 |       0 |   0.0 |      24 |       0 |   0.0
        D:2 |      64 |      32 |  33.3 |      20 |       1 |   4.8
        D:3 |      28 |       0 |   0.0 |       9 |       0 |   0.0
            +---------+---------+-------+---------+---------+-------
